[Event "Team 45 45 League T34"]
[Site "Internet Chess Club"]
[Date "2007.08.11"]
[Round "4"]
[White "allanchs"]
[Black "Changuito-77"]
[Result "0-1"]
[WhiteElo "1537"]
[BlackElo "1808"]
[Opening "Giuoco Piano"]
[ECO "C50"]
[Time "15:02:57"]
[TimeControl "2700+45"]

1. e4 e5 2. Nf3 Nc6 3. Bc4 Bc5 4. O-O Nf6 5. d3 d6 6. Nc3 Be6 7. Be3 Bxe3 8.
fxe3 Bxc4 9. dxc4 O-O 10. Qe2 a5 11. Rad1 Qe7 12. Nd5 Nxd5 13. cxd5 Nb8 14. Ne1
Nd7 15. Nd3 Qh4 16. Qf3 Nf6 17. Nf2 h6 18. Qf5 Nh7 19. g3 Qg5 20. Rde1 Qe7 21.
Nh3 Qe8 22. Qf3 Qa4 23. a3 Rac8 24. Re2 c5 25. Nf2 Ng5 26. Qg2 c4 27. Nd1 Qd7
28. Nc3 b5 29. Kh1 b4 30. axb4 axb4 31. Nd1 Qg4 32. Ref2 Qxe4 33. Qxe4 Nxe4 34.
Re2 Rc5 35. Nf2 Nxf2+ 36. Rfxf2 Rxd5 37. Kg2 f5 38. Kf3 Ra5 39. e4 d5 40. exd5
Rxd5 41. Ke3 g6 42. h3 Rfd8 43. Rh2 Kf7 44. Rhg2 h5 45. h4 Rd4 46. Kf3 R8d5 47.
Rh2 Kf6 48. Rhg2 g5 49. hxg5+ Kxg5 50. Rh2 c3 51. bxc3 bxc3 52. Rhg2 Rd2 53. Rh2
Rxe2 54. Rxe2 e4+ 55. Kg2 Rd2 56. Kf2 Rxe2+ 57. Kxe2 Kg4 {White resigns} 0-1

[Event "Team 45 45 League T34"]
[Site "Internet Chess Club"]
[Date "2007.08.12"]
[Round "4"]
[White "Electryon"]
[Black "crankn8tr"]
[Result "1/2-1/2"]
[WhiteElo "1653"]
[BlackElo "1670"]
[Opening "King's Indian: London system"]
[ECO "A48"]
[Time "11:04:37"]
[TimeControl "2700+45"]

1. d4 Nf6 2. Nf3 g6 3. Bf4 Bg7 4. h3 O-O 5. e3 d6 6. Be2 Nbd7 7. O-O c5 8. c3
cxd4 9. exd4 Re8 10. Nbd2 e5 11. dxe5 dxe5 12. Be3 Nd5 13. Bg5 N7f6 14. Ne4 Qb6
15. Nxf6+ Nxf6 16. Qb3 Qxb3 17. axb3 Bf5 18. Bb5 Re7 19. Rfe1 e4 20. Nd4 Re5 21.
Bf4 Rc5 22. b4 Rd5 23. Bc4 Rd7 24. Nxf5 gxf5 25. Be3 Rc8 26. Rxa7 Rdc7 27. Bb3
Nd7 28. Bf4 Be5 29. Bxe5 Nxe5 30. Re2 Kg7 31. Bd5 b6 32. Rxc7 Rxc7 33. Kh2 Nd3
34. Kg3 Rd7 35. c4 Nxb4 36. Rd2 Kf6 37. Kf4 Nd3+ 38. Ke3 Ke5 39. g3 f4+ 40.
gxf4+ Nxf4 41. h4 Ng2+ 42. Ke2 Nxh4 43. Rd1 Ng2 44. Rh1 Nf4+ 45. Ke3 h5 46. Bxe4
f5 47. Bd5 Nxd5+ 48. cxd5 Rxd5 49. Rxh5 Rb5 50. f4+ Kf6 51. Rh6+ Ke7 52. Rh2
Rb3+ 53. Kd4 Kd6 54. Rh6+ Ke7 55. Rh2 Kd6 {Game drawn by mutual agreement}
1/2-1/2

[Event "Team 45 45 League T34"]
[Site "Internet Chess Club"]
[Date "2007.08.11"]
[Round "4"]
[White "fishhead"]
[Black "Moondog"]
[Result "1-0"]
[WhiteElo "1915"]
[BlackElo "1874"]
[Opening "Caro-Kann: two knights variation"]
[ECO "B10"]
[Time "18:06:20"]
[TimeControl "2700+45"]

1. e4 c6 2. Nf3 d5 3. Nc3 dxe4 4. Nxe4 Bf5 5. Ng3 Bg6 6. h4 h6 7. Ne5 Qd6 8. d4
Nd7 9. Nxg6 Qxg6 10. Bd3 Qd6 11. Be3 Ngf6 12. Qd2 e6 13. O-O-O O-O-O 14. f3 Nd5
15. Ne4 Qb4 16. c4 Nxe3 17. Qxe3 c5 18. a3 cxd4 19. Qxd4 Qb6 20. Qc3 Nc5 21. Bc2
Nxe4 22. Rxd8+ Qxd8 23. Bxe4 Qc7 24. b4 Bd6 25. Rd1 Be5 26. Qd3 Bf6 27. h5 Rd8
28. Qe2 Rxd1+ 29. Kxd1 Qd6+ 30. Qd3 Qxd3+ 31. Bxd3 Bb2 32. a4 Bc3 33. b5 b6 34.
Kc2 Bd4 35. Bh7 Kd7 36. Kd3 e5 37. Ke4 f6 38. Kd5 Bc5 39. Bf5+ Kc7 40. a5 Be3
41. a6 Bd4 42. Ke6 Be3 43. Kf7 Kd6 44. Kxg7 Bg5 45. Kf7 Kc7 46. Ke7 Bh4 47. Ke6
Bg5 48. g3 Kb8 49. Kd7 Be3 50. Kc6 Bc5 51. Kd5 Be3 52. Ke4 Bf2 53. g4 Kc7 54.
Kd5 Be3 55. Ke6 Bg5 56. Be4 Bh4 57. Kf5 Kd6 58. Bd5 Bg5 59. Kg6 Ke7 60. c5 Be3
61. cxb6 Bxb6 62. Kxh6 {Black resigns} 1-0

[Event "Team 45 45 League T34"]
[Site "Internet Chess Club"]
[Date "2007.08.11"]
[Round "4"]
[White "Cugel"]
[Black "Mater"]
[Result "1-0"]
[WhiteElo "1893"]
[BlackElo "1764"]
[Opening "QGD: Ragozin, Vienna variation"]
[ECO "D39"]
[Time "12:00:30"]
[TimeControl "2700+45"]

1. d4 d5 2. c4 e6 3. Nc3 Nf6 4. Nf3 Bb4 5. Bg5 dxc4 6. e4 h6 7. Qa4+ Nc6 8. Bxf6
Qxf6 9. Bxc4 O-O 10. O-O a6 11. Rac1 Bd7 12. Qb3 b5 13. Bd3 Ba5 14. e5 Qe7 15.
Be4 Rad8 16. Nxb5 Nb4 17. Nxc7 Rc8 18. Rc5 Bb6 19. Rc4 a5 20. Rfc1 Qd8 21. a3
Bxc7 22. axb4 axb4 23. Bb7 Bb5 24. Rc5 Qd7 25. Bxc8 Rxc8 26. Qxb4 Ba6 27. Qc3
Bb6 28. Rxc8+ Bxc8 29. Qxc8+ {Black resigns} 1-0

[Event "Team 45 45 League T34"]
[Site "Internet Chess Club"]
[Date "2007.08.14"]
[Round "4"]
[White "jazzpiano"]
[Black "ears"]
[Result "1/2-1/2"]
[WhiteElo "1818"]
[BlackElo "1663"]
[Opening "Robatsch (modern) defense"]
[ECO "B06"]
[Time "01:01:03"]
[TimeControl "2700+45"]

1. e4 g6 2. d4 Bg7 3. Nf3 d6 4. Be3 Nd7 5. Bc4 e6 6. O-O Ne7 7. Nc3 O-O 8. Qd2
b6 9. Bh6 Bb7 10. Bxg7 Kxg7 11. Ng5 d5 12. exd5 Nxd5 13. Nxd5 Bxd5 14. Bxd5 exd5
15. Rfe1 Nf6 16. Nf3 Qd6 17. Re2 Rfe8 18. Rae1 Rxe2 19. Rxe2 a5 20. h3 Re8 21.
Rxe8 Nxe8 22. Ne5 Nf6 23. f3 Nd7 24. Nxd7 Qxd7 25. Qe2 Qe6 26. Qxe6 fxe6 27. f4
Kf6 28. Kf2 c5 29. c3 cxd4 30. cxd4 Ke7 31. g4 Kf6 32. h4 Ke7 33. Ke3 h5 34. g5
Kd7 35. a4 Kc6 36. Kd3 b5 37. b3 {Game drawn by mutual agreement} 1/2-1/2

[Event "Team 45 45 League T34"]
[Site "Internet Chess Club"]
[Date "2007.08.12"]
[Round "4"]
[White "Glassywoman"]
[Black "diegoami"]
[Result "0-1"]
[WhiteElo "1386"]
[BlackElo "1779"]
[Opening "Sicilian: Alapin's variation (2.c3)"]
[ECO "B22"]
[Time "00:03:08"]
[TimeControl "2700+45"]

1. e4 c5 2. c3 Nf6 3. e5 Nd5 4. d4 cxd4 5. cxd4 d6 6. h3 g6 7. Nf3 Bg7 8. Bb5+
Bd7 9. Bxd7+ Qxd7 10. O-O O-O 11. Re1 e6 12. Nc3 Nxc3 13. bxc3 Nc6 14. Ba3 Rfc8
15. Bxd6 Na5 16. Qd3 Nc4 17. Bb4 a5 18. Bc5 Rxc5 19. Ng5 Rac8 20. Qf3 Rb5 21.
Ne4 Qc6 22. Rab1 Rxb1 23. Rxb1 b5 24. Qg4 Nxe5 25. dxe5 Bxe5 26. Re1 f5 27. Qh4
fxe4 28. Rxe4 Qxc3 29. g3 Re8 30. Qg5 Bd4 31. Qxb5 Qa1+ 32. Kg2 Rf8 33. f4 Qg1+
34. Kf3 Qf2+ 35. Kg4 h5+ 36. Kh4 Bf6+ 37. Qg5 Bxg5+ 38. fxg5 Rf3 {White resigns}
0-1

[Event "Team 45 45 League T34"]
[Site "Internet Chess Club"]
[Date "2007.08.12"]
[Round "4"]
[White "Klampin"]
[Black "DocHoliday"]
[Result "1/2-1/2"]
[WhiteElo "2007"]
[BlackElo "1876"]
[Opening "English opening"]
[ECO "A21"]
[Time "10:08:08"]
[TimeControl "2700+45"]

1. c4 e5 2. Nc3 f5 3. d4 e4 4. Bf4 Nf6 5. e3 Bb4 6. Rc1 O-O 7. c5 d5 8. cxd6
Bxd6 9. Bc4+ Kh8 10. Nge2 Nc6 11. a3 a6 12. O-O b6 13. Nd5 Bb7 14. b4 b5 15.
Nxf6 Rxf6 16. Bb3 a5 17. Bg5 axb4 18. d5 Na5 19. axb4 Nxb3 20. Qxb3 Bxd5 21. Qc3
Bc4 22. Bxf6 Qxf6 23. Qxf6 gxf6 24. Nd4 Bxf1 25. Kxf1 Bxb4 26. Nxb5 c5 27. Nd6
{Game drawn by mutual agreement} 1/2-1/2

[Event "Team 45 45 League T34"]
[Site "Internet Chess Club"]
[Date "2007.08.13"]
[Round "4"]
[White "markgravitygood"]
[Black "Vitruvian"]
[Result "1/2-1/2"]
[WhiteElo "1805"]
[BlackElo "1840"]
[Opening "Petrov: modern attack, Symmetrical variation"]
[ECO "C43"]
[Time "13:50:55"]
[TimeControl "2700+45"]

1. e4 e5 2. Nf3 Nf6 3. d4 Nxe4 4. Bd3 d5 5. Nxe5 Bd6 6. O-O O-O 7. Nd2 Nxd2 8.
Bxd2 Nd7 9. Nxd7 Bxd7 10. Qh5 g6 11. Qxd5 Bc6 12. Qg5 Be7 13. Qe3 Re8 14. Qf4
Qd5 15. f3 Bd6 16. Qh4 Be7 17. Qf2 Rad8 18. c3 Bb5 19. Bxb5 Qxb5 20. Bf4 c5 21.
Be3 Bf8 22. Kh1 cxd4 23. cxd4 Qd3 24. Bg5 Rxd4 25. Rfe1 Rc8 26. Bf6 {Game drawn
by mutual agreement} 1/2-1/2

[Event "Team 45 45 League T34"]
[Site "Internet Chess Club"]
[Date "2007.08.13"]
[Round "4"]
[White "superbeast"]
[Black "Budzo"]
[Result "1-0"]
[WhiteElo "1562"]
[BlackElo "1749"]
[Opening "Caro-Kann: Panov-Botvinnik attack, 5...e6"]
[ECO "B14"]
[Time "19:01:29"]
[TimeControl "2700+45"]

1. c4 c6 2. e4 d5 3. exd5 cxd5 4. d4 Nf6 5. Nc3 e6 6. Nf3 Be7 7. cxd5 Nxd5 8.
Bd3 Nd7 9. Nxd5 exd5 10. O-O O-O 11. Bf4 Nf6 12. Qb3 Bd6 13. Bxd6 Qxd6 14. Ne5
b6 15. Rfe1 Bb7 16. Rac1 Rac8 17. Bf5 Rxc1 18. Rxc1 g6 19. Qe3 gxf5 20. Qg3+ Ng4
21. Nxg4 Qxg3 22. Nh6+ Kh8 23. hxg3 Bc8 24. Nxf7+ Rxf7 25. Rxc8+ Kg7 26. Rd8 Rc7
27. Rxd5 Kg6 28. f4 Rc2 29. Rd6+ Kf7 30. Rd7+ Kg6 31. Rxa7 Rxb2 32. a4 Rb4 33.
d5 Rd4 34. Ra6 Rxd5 35. Rxb6+ Kf7 36. Rb5 Rd1+ 37. Kf2 Kg6 38. a5 Ra1 39. g4
fxg4 40. Rg5+ Kf6 41. Kg3 Ra2 42. Kxg4 Rxg2+ 43. Kh4 Ra2 44. Rb5 Ra4 45. Kg4 Kf7
46. Kg5 h6+ 47. Kg4 Ke7 48. Rb7+ Kd8 49. Ra7 h5+ 50. Kg5 Kc8 51. f5 Kb8 52. Rh7
Rxa5 53. Kg6 Ra6+ 54. f6 Kc8 55. Kg7 Kd8 56. f7 {Black resigns} 1-0

[Event "Team 45 45 League T34"]
[Site "Internet Chess Club"]
[Date "2007.08.13"]
[Round "4"]
[White "charles-allen"]
[Black "vrahimov"]
[Result "1/2-1/2"]
[WhiteElo "1713"]
[BlackElo "1551"]
[Opening "Bishop's opening/Petrov: Urusov gambit"]
[ECO "C24"]
[Time "13:57:55"]
[TimeControl "2700+45"]

1. e4 e5 2. Bc4 Nf6 3. d4 exd4 4. Nf3 Bb4+ 5. Bd2 Bxd2+ 6. Qxd2 O-O 7. e5 Ne4 8.
Qf4 d5 9. Bd3 f5 10. Nxd4 c5 11. Nb5 Qa5+ 12. c3 c4 13. Bxc4 dxc4 14. Nd4 Qb6
15. b4 cxb3 16. axb3 Nc6 17. Nxc6 Qxc6 18. O-O Nxc3 19. Nxc3 Qxc3 20. Rfc1 Qxb3
21. Rab1 Qd5 22. Rd1 Qe4 23. Qg3 Be6 24. Re1 f4 25. Qxg7+ Kxg7 26. Rxe4 Bf5 27.
Rxb7+ Kg8 28. Rxf4 a5 29. g4 Bg6 30. Rxf8+ Kxf8 31. f4 a4 32. f5 a3 33. Rb1 a2
34. Ra1 Be8 35. e6 Ke7 36. Kf2 Kf6 37. Ke3 h5 38. h3 hxg4 39. hxg4 Kg5 40. Kd4
Kf6 41. Kc3 Bc6 42. Kb2 Bd5 43. Rd1 Bf3 44. Ra1 Bd5 45. Rd1 {Game drawn by
mutual agreement} 1/2-1/2

[Event "Team 45 45 League T34"]
[Site "Internet Chess Club"]
[Date "2007.08.20"]
[Round "4"]
[White "RisingMercury"]
[Black "SpikeyJ"]
[Result "1-0"]
[WhiteElo "2033"]
[BlackElo "2149"]
[Opening "Pirc: classical, h3 system"]
[ECO "B07"]
[Time "08:12:49"]
[TimeControl "2700+45"]

1. e4 d6 2. d4 Nf6 3. Nc3 g6 4. h3 Bg7 5. Nf3 a6 6. a4 Nc6 7. Be3 O-O 8. Bc4 e5
9. dxe5 Nxe5 10. Nxe5 dxe5 11. Bc5 Qxd1+ 12. Rxd1 Re8 13. O-O Bf8 14. Bxf8 Kxf8
15. f4 Be6 16. Bxe6 Rxe6 17. fxe5 Ne8 18. Rd7 Re7 19. e6 Nd6 20. e5 Rxd7 21.
exd7 Nf5 22. e6 fxe6 23. g4 Ke7 24. gxf5 gxf5 25. Rd1 Rd8 26. Kf2 Rxd7 27. Rxd7+
Kxd7 28. Kg3 e5 29. Kh4 Ke6 30. Kg5 f4 31. Kg4 a5 32. Ne4 h5+ 33. Kf3 {Black
resigns} 1-0

[Event "Team 45 45 League T34"]
[Site "Internet Chess Club"]
[Date "2007.08.13"]
[Round "4"]
[White "jcdios"]
[Black "ddlj81"]
[Result "1-0"]
[WhiteElo "1912"]
[BlackElo "1932"]
[Opening "QGD Slav defense"]
[ECO "D10"]
[Time "21:55:54"]
[TimeControl "2700+45"]

1. d4 d5 2. c4 c6 3. Nc3 Nf6 4. e3 a6 5. cxd5 cxd5 6. Nf3 b5 7. Bd3 Bg4 8. h3
Bh5 9. O-O Nc6 10. Bd2 e5 11. g4 e4 12. Ne5 Nxe5 13. dxe5 Nxg4 14. hxg4 Qg5 15.
Be2 Bxg4 16. Bxg4 h5 17. f4 Qg6 18. Nxd5 Bc5 19. b4 hxg4 20. Nc7+ Kf8 21. Kg2
Rd8 22. Qe2 Bb6 23. Nxa6 Rh3 24. Rh1 Qh5 25. Rag1 Qh4 26. Be1 Qh5 27. Nc5 Bxc5
28. bxc5 Rd3 29. c6 Qg6 30. Rxh3 gxh3+ 31. Kh2 Qxc6 32. Rg3 Ra3 33. Bb4+ {Black
resigns} 1-0

[Event "Team 45 45 League T34"]
[Site "Internet Chess Club"]
[Date "2007.08.11"]
[Round "4"]
[White "Razorbackchess"]
[Black "StrayLite"]
[Result "0-1"]
[WhiteElo "1874"]
[BlackElo "1985"]
[Opening "Réti opening"]
[ECO "A04"]
[Time "16:07:16"]
[TimeControl "2700+45"]

1. Nf3 c5 2. g3 Nc6 3. Bg2 g6 4. O-O Bg7 5. d3 d5 6. Nbd2 e5 7. e4 Be6 8. h3 h6
9. Re1 d4 10. Nf1 Qd7 11. Kh2 O-O-O 12. a3 g5 13. N3d2 Kb8 14. Rb1 Bf8 15. Nc4
g4 16. h4 Nf6 17. f4 gxf3 18. Qxf3 Ng4+ 19. Kh1 Rg8 20. Bd2 Rg6 21. b4 Rf6 22.
Qe2 Nf2+ 23. Kg1 Bg4 {White resigns} 0-1

[Event "Team 45 45 League T34"]
[Site "Internet Chess Club"]
[Date "2007.08.10"]
[Round "4"]
[White "smitty120"]
[Black "qs16"]
[Result "0-1"]
[WhiteElo "1892"]
[BlackElo "1775"]
[Opening "Sicilian: Najdorf"]
[ECO "B90"]
[Time "17:02:34"]
[TimeControl "2700+45"]

1. e4 c5 2. Nf3 d6 3. d4 cxd4 4. Nxd4 Nf6 5. Nc3 a6 6. f3 e5 7. Nb3 Be6 8. Be3
Nbd7 9. Qd2 b5 10. g4 Be7 11. O-O-O Rc8 12. Kb1 Nb6 13. Qf2 Nc4 14. Bxc4 Rxc4
15. Bb6 Qc8 16. Nd5 Bxd5 17. exd5 Rf4 18. Qe2 O-O 19. Be3 Ra4 20. h4 e4 21. Rd4
exf3 22. Qxf3 Rxd4 23. Bxd4 Qxg4 24. Qf2 Ne4 25. Qe3 Bxh4 26. Rg1 Bg3 27. Nd2
Nxd2+ 28. Qxd2 h5 29. Qc3 h4 30. Bf2 f5 31. a3 f4 {White resigns} 0-1

[Event "Team 45 45 League T34"]
[Site "Internet Chess Club"]
[Date "2007.08.10"]
[Round "4"]
[White "RedAttack"]
[Black "DTK"]
[Result "1-0"]
[WhiteElo "1932"]
[BlackElo "2178"]
[Opening "French: advance, Nimzovich system"]
[ECO "C02"]
[Time "20:02:38"]
[TimeControl "2700+45"]

1. e4 e6 2. d4 d5 3. e5 c5 4. Nf3 cxd4 5. Qxd4 Nc6 6. Bb5 Bd7 7. Qd3 Nge7 8. O-O
a6 9. Bxc6 bxc6 10. Bg5 h6 11. Bh4 c5 12. c4 g5 13. Bg3 Bc6 14. Rd1 Bg7 15. Nc3
O-O 16. Rac1 Qb6 17. cxd5 exd5 18. b3 Rac8 19. h4 g4 20. Nh2 h5 21. Qd2 Nf5 22.
Nf1 d4 23. Qg5 Nxg3 24. Nxg3 Qc7 25. Nce2 Qxe5 26. Rxc5 Qxg5 27. Rxg5 f6 28.
Rxh5 Rfd8 29. Rxd4 Rxd4 30. Nxd4 Bd7 31. Rd5 Rc7 32. Ndf5 Bf8 33. Rd4 Kf7 34.
Rxg4 Rc1+ 35. Kh2 Rc2 36. Rf4 Rxa2 37. Ne4 Rb2 38. Nfd6+ Bxd6 39. Nxd6+ Ke7 40.
Ne4 f5 41. Nc5 Bc8 42. h5 Kf6 43. Rd4 Rxf2 44. Rd8 Be6 45. Rd6 Re2 46. Rxa6 Ke7
47. Rxe6+ Rxe6 48. Nxe6 Kxe6 49. Kg3 {Black resigns} 1-0

[Event "Team 45 45 League T34"]
[Site "Internet Chess Club"]
[Date "2007.08.13"]
[Round "4"]
[White "elnik"]
[Black "andrew28"]
[Result "0-1"]
[WhiteElo "1849"]
[BlackElo "1881"]
[Opening "QGD: 4.Bg5 Be7"]
[ECO "D53"]
[Time "19:02:35"]
[TimeControl "2700+45"]

1. d4 d5 2. c4 e6 3. Nc3 Nf6 4. Bg5 Be7 5. Nf3 Nc6 6. e3 O-O 7. a3 Ne4 8. Bxe7
Qxe7 9. Bd3 f5 10. O-O Nxc3 11. bxc3 dxc4 12. Bxc4 Na5 13. Bd3 b6 14. Ne5 Bb7
15. Qh5 Rf6 16. Qe2 Rh6 17. f3 Qd6 18. e4 Nb3 19. Rab1 Nxd4 20. cxd4 Qxd4+ 21.
Qf2 Qxe5 22. g3 fxe4 23. Bxe4 Bxe4 24. fxe4 Rf6 25. Qe3 Raf8 26. Rxf6 Rxf6 27.
Kg2 c5 28. Qd3 Qd4 29. Qe2 Rf2+ 30. Qxf2 Qxe4+ 31. Qf3 Qxb1 32. Qa8+ Kf7 33.
Qf3+ Qf5 34. Qb7+ Kf6 35. Qxa7 Qd5+ 36. Kg1 b5 37. Qb8 Qd4+ 38. Kg2 Qd5+ 39. Kg1
c4 40. Qf4+ Qf5 41. Qd4+ Kg6 42. Qb6 c3 {White resigns} 0-1

[Event "Team 45 45 League T34"]
[Site "Internet Chess Club"]
[Date "2007.08.11"]
[Round "4"]
[White "Silenita"]
[Black "alexcolins"]
[Result "1-0"]
[WhiteElo "1849"]
[BlackElo "1872"]
[Opening "Sicilian: accelerated fianchetto, modern variation"]
[ECO "B34"]
[Time "11:06:29"]
[TimeControl "2700+45"]

1. e4 c5 2. Nf3 g6 3. d4 cxd4 4. Nxd4 Nc6 5. Nc3 Bg7 6. Nb3 Nf6 7. Be2 O-O 8.
O-O a5 9. a4 Nb4 10. Re1 d5 11. exd5 Nfxd5 12. Nxd5 Nxd5 13. Bf3 Be6 14. Nc5 Qb6
15. Nxe6 fxe6 16. c3 Rad8 17. Qe2 e5 18. Bg5 Nf4 19. Qc4+ Rf7 20. Bxf4 exf4 21.
Rxe7 Rd7 22. Qxf7+ {Black resigns} 1-0

[Event "Team 45 45 League T34"]
[Site "Internet Chess Club"]
[Date "2007.08.13"]
[Round "4"]
[White "deathmage"]
[Black "Juan73"]
[Result "1-0"]
[WhiteElo "1698"]
[BlackElo "1584"]
[Opening "Dresden opening"]
[ECO "C44"]
[Time "20:03:03"]
[TimeControl "2700+45"]

1. e4 e5 2. Nf3 Nc6 3. c4 Bc5 4. Nc3 Nf6 5. h3 d6 6. d3 h6 7. Be2 Be6 8. Be3
Bxe3 9. fxe3 Qd7 10. d4 exd4 11. exd4 Nh5 12. d5 Nf4 13. Rg1 Bxh3 14. dxc6 Qg4
15. gxh3 Qxh3 16. cxb7 Rb8 17. Qa4+ Kd8 18. Qxa7 Kd7 19. Ne5+ dxe5 20. Bg4+ Qxg4
21. Rxg4 g5 22. O-O-O+ Ke7 23. Nd5+ Nxd5 24. Rxd5 f6 25. Qc5+ Kf7 26. Rd7+ Kg6
27. Rxc7 h5 28. Rg1 g4 29. Rc8 Kg5 30. Rxh8 Rxh8 31. Qe3+ Kg6 32. c5 {Black
resigns} 1-0

[Event "Team 45 45 League T34"]
[Site "Internet Chess Club"]
[Date "2007.08.09"]
[Round "4"]
[White "Vannak1"]
[Black "LoseOften"]
[Result "0-1"]
[WhiteElo "1874"]
[BlackElo "1836"]
[Opening "Sicilian: Najdorf, 7...Be7 main line"]
[ECO "B99"]
[Time "14:03:13"]
[TimeControl "2700+45"]

1. e4 c5 2. Nf3 d6 3. d4 cxd4 4. Nxd4 Nf6 5. Nc3 a6 6. Bg5 e6 7. f4 Be7 8. Qf3
Qc7 9. O-O-O Nbd7 10. Bd3 b5 11. Rhe1 b4 12. Nd5 exd5 13. exd5 Kd8 14. Rxe7 Kxe7
15. Re1+ Kf8 16. Nc6 Bb7 17. Bxf6 Nxf6 18. Re7 Qb6 19. Re3 g6 20. g4 Kg7 21. g5
Nxd5 22. Re1 Bxc6 23. f5 Rhe8 24. f6+ Kh8 25. Rg1 Qxg1+ {White resigns} 0-1

[Event "Team 45 45 League T34"]
[Site "Internet Chess Club"]
[Date "2007.08.13"]
[Round "4"]
[White "shijith"]
[Black "PoisonIvy"]
[Result "1-0"]
[WhiteElo "1795"]
[BlackElo "1802"]
[Opening "King's Indian: orthodox, Aronin-Taimanov, 9.Ne1"]
[ECO "E98"]
[Time "11:30:34"]
[TimeControl "2700+45"]

1. d4 Nf6 2. c4 g6 3. Nc3 Bg7 4. e4 d6 5. Nf3 O-O 6. Be2 e5 7. O-O Nc6 8. d5 Ne7
9. Ne1 Ne8 10. Bd2 f5 11. exf5 gxf5 12. Nd3 Ng6 13. Qb3 Nf6 14. Rfe1 f4 15. Rad1
Nh4 16. c5 f3 17. Bxf3 Nxf3+ 18. gxf3 Bf5 19. Ne4 Qe8 20. Qxb7 Qg6+ 21. Kf1 Bh3+
22. Ke2 Nxe4 23. Rg1 Qh5 24. Ne1 Nxd2 25. Rxd2 Qf7 26. c6 a5 27. Qb3 e4 28. Rg3
exf3+ 29. Nxf3 Rfe8+ 30. Kd1 Qf5 31. Kc1 Bg4 32. Qd3 Qxd3 33. Rxd3 Bxf3 34.
Rdxf3 Re1+ 35. Kd2 Rae8 36. Re3 R1xe3 37. fxe3 Kf7 38. Rh3 h6 39. Kd3 Kg6 40.
Rg3+ Kh7 41. b3 Rf8 42. Rg2 Be5 43. h4 h5 44. a3 Rb8 45. Kc4 Rf8 46. Rg5 Kh6 47.
Rg2 Rf3 48. Re2 Bg3 49. Kd3 Bxh4 50. Ke4 Rf8 51. Rg2 Bf6 52. Rf2 Bg7 53. Rxf8
Bxf8 54. Kf5 h4 55. Kg4 Be7 56. Kf3 Kh5 57. e4 Bf6 58. b4 axb4 59. axb4 Be5 60.
b5 h3 61. b6 h2 62. Kg2 {Black resigns} 1-0

[Event "Team 45 45 League T34"]
[Site "Internet Chess Club"]
[Date "2007.08.11"]
[Round "4"]
[White "rippedmonkey"]
[Black "hansolo1000"]
[Result "1-0"]
[WhiteElo "1767"]
[BlackElo "1765"]
[Opening "Benoni: classical with e4 and Nf3"]
[ECO "A70"]
[Time "00:34:06"]
[TimeControl "2700+45"]

1. d4 Nf6 2. c4 e6 3. Nf3 c5 4. d5 exd5 5. cxd5 d6 6. Nc3 g6 7. e4 Nbd7 8. Bd3
Bg7 9. O-O O-O 10. Bg5 a6 11. a4 Re8 12. Bf4 Qc7 13. Nd2 Nh5 14. Be3 Ne5 15. Be2
Nf6 16. h3 Qe7 17. a5 Ned7 18. f4 Nxe4 19. Ncxe4 f5 20. Bf3 fxe4 21. Nxe4 Nf6
22. Nxf6+ Qxf6 23. Bc1 Bd7 24. Ra3 Bb5 25. Re1 Qd4+ 26. Kh2 Qxd1 27. Rxd1 Be2
28. Bxe2 Rxe2 29. Rb3 Rb8 30. Rb6 Bf8 31. Kg3 Kf7 32. Kf3 Rc2 33. Re1 Rc4 34.
Be3 Ra4 35. Bd2 Rd4 36. Bc3 Rxd5 37. Ke4 Rh5 38. Kd3 Rf5 39. g3 d5 40. Be5 Rd8
41. Rxb7+ Kg8 42. Ra7 d4 43. Rxa6 Rf7 44. Re2 Rb7 45. Bf6 Rb3+ 46. Kc2 Rdb8 47.
Kc1 Rxg3 48. Rb6 Ra8 49. a6 d3 50. Ree6 Rxh3 51. Rb7 Bh6 52. Bg5 Bxg5 53. fxg5
Rd8 54. Re8+ Rxe8 55. a7 Rh1+ 56. Kd2 Rh2+ 57. Kxd3 Rh3+ 58. Kc2 Re2+ 59. Kb1
Re8 60. Rb8 Re3 61. a8=Q {Black resigns} 1-0

[Event "Team 45 45 League T34"]
[Site "Internet Chess Club"]
[Date "2007.08.11"]
[Round "4"]
[White "Beancounter"]
[Black "clarnibass"]
[Result "0-1"]
[WhiteElo "1703"]
[BlackElo "1802"]
[Opening "Alekhine's defense: modern variation, 4...Bg4"]
[ECO "B05"]
[Time "11:52:17"]
[TimeControl "2700+45"]

1. e4 Nf6 2. e5 Nd5 3. d4 d6 4. Nf3 Bg4 5. Be2 e6 6. c4 Nb6 7. Nbd2 Be7 8. O-O
O-O 9. b3 Nc6 10. Bb2 dxe5 11. dxe5 a5 12. a3 Bh5 13. Re1 Qd7 14. Ne4 Rfd8 15.
Ng3 Bg6 16. Bf1 a4 17. b4 Bd3 18. Bxd3 Qxd3 19. Qxd3 Rxd3 20. Rec1 Rad8 21. c5
Nd5 22. Rd1 Nf4 23. Rxd3 Rxd3 24. Kf1 Kf8 25. Ne4 Rb3 26. Bc3 Nd5 27. Be1 Na7
28. Nd4 Rd3 29. Nc2 Nb5 30. g3 Ndc3 31. Nxc3 Nxc3 32. Bxc3 Rxc3 33. Rc1 g5 34.
Ke2 g4 35. Kd2 Rf3 36. Ke2 Rf5 37. Rd1 Rxe5+ 38. Kf1 Rd5 39. Rxd5 exd5 40. Ne3
c6 41. Nxg4 Bg5 42. Ne3 Bxe3 43. fxe3 Ke7 44. Ke1 Kf6 45. Ke2 Kf5 46. Kf3 Ke5
47. Kf2 Ke4 48. Ke2 f6 49. h3 h5 50. g4 h4 51. Kf2 Kd3 52. Kf3 Kc3 53. Kf4 Kb3
54. Kf5 Kxa3 55. Kxf6 Kb3 56. g5 a3 57. g6 a2 58. g7 a1=Q+ 59. Kf7 Qxg7+ {White
resigns} 0-1

[Event "Team 45 45 League T34"]
[Site "Internet Chess Club"]
[Date "2007.08.12"]
[Round "4"]
[White "John3v16"]
[Black "alexcluster"]
[Result "0-1"]
[WhiteElo "1949"]
[BlackElo "1808"]
[Opening "Sicilian: Najdorf, Opocensky variation"]
[ECO "B92"]
[Time "07:54:45"]
[TimeControl "2700+45"]

1. e4 c5 2. Nf3 d6 3. d4 cxd4 4. Nxd4 Nf6 5. Nc3 a6 6. Be2 Qc7 7. Be3 e5 8. Nb3
Be6 9. O-O Be7 10. f4 Nbd7 11. Kh1 b5 12. Rc1 Rc8 13. Nd5 Bxd5 14. exd5 O-O 15.
c4 bxc4 16. Rxc4 Qb7 17. Ra4 Qxd5 18. Rxa6 Qxd1 19. Rxd1 Rc2 20. Rd2 Rfc8 21.
Bd3 Rxd2 22. Bxd2 e4 23. Bb1 d5 24. Be3 Kf8 25. h3 Nc5 26. Ra3 Nd3 27. Ra6 Nxb2
28. Bd4 Nc4 29. Kg1 Na3 30. Rxa3 Bxa3 {White forfeits on time} 0-1

[Event "Team 45 45 League T34"]
[Site "Internet Chess Club"]
[Date "2007.08.12"]
[Round "4"]
[White "mambomex"]
[Black "WilliamWine"]
[Result "1/2-1/2"]
[WhiteElo "1754"]
[BlackElo "1802"]
[Opening "French: King's Indian attack"]
[ECO "C00"]
[Time "21:05:03"]
[TimeControl "2700+45"]

1. e4 e6 2. d3 b6 3. g3 Bb7 4. Bg2 f5 5. Nf3 fxe4 6. Ng5 Nf6 7. Nxe4 Nxe4 8.
Bxe4 Bxe4 9. dxe4 Bc5 10. O-O O-O 11. Nc3 Nc6 12. Na4 Bd4 13. c3 Bf6 14. f4 d6
15. Qd3 a6 16. b3 b5 17. Nb2 d5 18. Rd1 b4 19. e5 Be7 20. Be3 Na5 21. c4 dxc4
22. Nxc4 Qxd3 23. Rxd3 Nxc4 24. bxc4 Rfd8 25. Rad1 Rxd3 26. Rxd3 Rd8 27. Rxd8+
Bxd8 28. Kf2 Kf7 29. Ke2 Be7 30. Kd3 c5 31. g4 g6 32. Kc2 Ke8 33. Kb3 Kd7 34.
Ka4 Kc6 35. Ka5 Kb7 36. h3 Bd8+ 37. Ka4 Kc6 38. Bf2 h5 {Game drawn by mutual
agreement} 1/2-1/2

[Event "Team 45 45 League T34"]
[Site "Internet Chess Club"]
[Date "2007.08.12"]
[Round "4"]
[White "ExpertLevel"]
[Black "calily"]
[Result "1/2-1/2"]
[WhiteElo "1748"]
[BlackElo "1777"]
[Opening "Réti opening"]
[ECO "A05"]
[Time "15:01:48"]
[TimeControl "2700+45"]

1. Nf3 Nf6 2. g3 d5 3. Bg2 c6 4. O-O Bf5 5. d3 h6 6. Nbd2 e6 7. c3 Be7 8. b4 O-O
9. a4 Nbd7 10. Nb3 e5 11. Bb2 e4 12. dxe4 Bxe4 13. Nbd2 Bg6 14. Qb3 Ne4 15. c4
Nxd2 16. Nxd2 dxc4 17. Nxc4 Qc7 18. e4 Bf6 19. f4 Bxb2 20. Qxb2 Rad8 21. Kh1
Rfe8 22. Rfe1 f6 23. Rad1 Nb6 24. Rxd8 Rxd8 25. Nxb6 Qxb6 26. e5 Qd4 27. Qb3+
Kh7 28. e6 Qd2 29. Rg1 Qe2 30. h3 Rd6 31. g4 Be4 32. Kh2 Bxg2 33. Rxg2 Qxe6 34.
Qc2+ Kg8 35. Re2 Qd7 36. Qe4 Rd2 37. f5 Qd6+ 38. Kh1 Qd5 39. Qxd5+ Rxd5 40. Re7
Rd1+ 41. Kg2 Rd2+ 42. Kf3 Rd3+ 43. Ke4 Rxh3 44. Rxb7 Rb3 45. b5 Rb4+ 46. Kf3
cxb5 47. axb5 Kh7 48. Kg3 Rb1 {Game drawn by mutual agreement} 1/2-1/2